 Dungeon Crawl Stone Soup version 0.25.1-2-g60ff931df9 (webtiles) character file.

Game seed: 11467024427506555542

9753 marfer the Cleaver (level 11, -3/97 HPs)
             Began as a Minotaur Berserker on Aug 13, 2020.
             Was a High Priest of Trog.
             Slain by a death yak (13 damage)
             ... on level 10 of the Dungeon on Sept 5, 2020.
             The game lasted 01:08:24 (10870 turns).

marfer the Cleaver (Minotaur Berserker)            Turns: 10870, Time: 01:08:24

Health: -3/97      AC: 20    Str: 27    XL:     11   Next: 27%
Magic:  0/14       EV:  6    Int:  7    God:    Trog [*****.]
Gold:   493        SH: 16    Dex:  8    Spells: 14/14 levels left

rFire    + + +     SeeInvis +   D - +0 war axe
rCold    . . .     Gourm    .   t - +0 tower shield of Gise {Regen+ Str+2 Int+3 SInv}
rNeg     . . .     Faith    .   y - +0 storm dragon scales
rPois    +         Spirit   +   (helmet restricted)
rElec    +         Reflect  .   r - +0 cloak
rCorr    .         Harm     .   d - +0 pair of gloves
MR       .....                  v - +2 pair of boots
Stlth    ..........             A - amulet of the Well-Known Teeth {Spirit rPois rF+++ Dex-2}
HPRegen  0.66/turn              n - ring of poison resistance
MPRegen  0.14/turn              (no ring)

@: about to teleport
A: retaliatory headbutt, horns 2
a: Berserk, Trog's Hand, Brothers in Arms, Renounce Religion


You were on level 10 of the Dungeon.
You worshipped Trog.
Trog was extremely pleased with you.
You were near starving.

You visited 2 branches of the dungeon, and saw 12 of its levels.

You collected 493 gold pieces.

Inventory:

Hand Weapons
 D - a +0 war axe (weapon)
Missiles
 e - 93 poisoned darts (quivered)
Armour
 d - a +0 pair of gloves (worn)
 r - a +0 cloak (worn)
 t - the +0 tower shield of Gise (worn) {Regen+ Str+2 Int+3 SInv}
   (You acquired it on level 9 of the Dungeon)

   It affects your strength (+2).
   It affects your intelligence (+3).
   It lets you see invisible.
   It increases your rate of regeneration.
 v - a +2 pair of boots (worn)
 y - +0 storm dragon scales (worn)
Jewellery
 n - a ring of poison resistance (left hand)
 p - an uncursed amulet of regeneration
 A - the amulet of the Well-Known Teeth (around neck) {Spirit rPois rF+++ Dex-2}
   (You found it on level 4 of the Dungeon)

   [amulet of guardian spirit]

   It causes incoming damage to be split between your health and magic.
   It affects your dexterity (-2).
   It renders you almost immune to fire.
   It protects you from poison.
Wands
 f - a wand of enslavement (8)
 i - a wand of flame (28)
 x - a wand of digging (6)
 G - a wand of clouds (4)
 H - a wand of acid (15)
 J - a wand of iceblast (9)
Scrolls
 g - 5 scrolls of teleportation
 h - 2 scrolls of blinking
 l - a scroll of remove curse
 q - 3 scrolls of immolation
 B - 3 scrolls of fear
 E - 5 scrolls of magic mapping
Potions
 a - 3 potions of lignification
 b - 5 potions of heal wounds
 j - a potion of ambrosia
 k - a potion of mutation
 m - 7 potions of curing
 o - a potion of stabbing
 s - 2 potions of flight
 u - a potion of brilliance
 z - 3 potions of haste
 F - a potion of berserk rage {unknown}
 I - a potion of magic {unknown}
 K - a potion of invisibility {unknown}
Comestibles
 c - 19 rations


   Skills:
 + Level 9.1 Fighting
 + Level 12.5 Axes
 + Level 1.2 Throwing
 + Level 8.8 Armour
 + Level 4.3 Dodging
 - Level 2.5 Stealth
 * Level 6.0 Shields
 - Level 2.0 Spellcasting
 * Level 6.3 Evocations


You had 14 spell levels left.
You didn't know any spells.
Your spell library was empty.

Dungeon Overview and Level Annotations

Branches:
Dungeon (11/15)            Temple (1/1) D:6
   Lair: D:8-11         Orc: D:9-12

Altars:
Cheibriados
Dithmenos
Elyvilon
Hepliaklqana
Kikubaaqudgha
Makhleb
Nemelex Xobeh
Okawaru
Qazlal
Trog
Vehumet
Wu Jian
Yredelemnul
The Shining One

Shops:
D:4 %%   D:8 [}**!   D:9 }


Innate Abilities, Weirdness & Mutations

You reflexively headbutt those who attack you in melee.
You have a pair of horns on your head.


Message History

You furiously retaliate!
You headbutt the death yak, but do no damage.
The death yak gores you!
* * * LOW HITPOINT WARNING * * *
You block the death yak's attack.
As you read the scroll of teleportation, it crumbles to dust.
You feel strangely unstable. You block the death yak's attack.
The death yak gores you.
* * * LOW HITPOINT WARNING * * *
You block the death yak's attack.
Your shield and storm dragon scales prevent you from hitting the death yak.
You headbutt the death yak, but do no damage.
The death yak is severely wounded.
You hit the death yak but do no damage. You hit the death yak.
You block the death yak's attack.
You hit the death yak.
The death yak is severely wounded.
You hit the death yak but do no damage. x2; You block the death yak's attack.
The death yak gores you!
You die...

#.# #.##)))........####
#.## #....)###.....)#
#. #..#
#.###.###......# #.
##.# #####.#
#..##......# #. #.#
#.....####..##########.
#.# #.###..# ##..# #..
#.# #.# ##.# ##.#
####.. #.# #.#
#Y#####.#####..... #.#
#.# ##@##..........>.##
#.# #.#
#YY.............##. #.#
#.# #(...............#.
#.# #.#
#.........###.##...
#.###.#
#########......))..
#.##..# #.##..####.
#.#..## #.##.## ##
#...## #.##.# ## #..##
#....# #.


You could see 3 death yaks.

Vanquished Creatures
  3 two-headed ogres
  An unseen horror (D:11)
  2 ugly things (D:11)
  A hornet (D:10)
  2 hippogriffs (D:8)
  A wyvern (D:8)
  4 yaks (D:10)
  Menkaure (D:7)
  Duvessa (D:7)
  A water moccasin (D:8)
  2 sky beasts (D:8)
  An eye of draining (D:11)
  An ice beast (D:8)
  3 orc warriors
  3 phantoms
  7 ogres
  2 centaurs
  A crocodile (D:8)
  A big kobold (D:10)
  6 bullfrogs
  Dowan (D:7)
  2 water moccasin zombies
  4 scorpions
  9 killer bees
  4 wights (D:6)
  A centaur zombie (D:8)
  3 crimson imps
  3 centaur skeletons
  2 bullfrog skeletons (D:10)
  2 jellies (D:10)
  11 orc wizards
  8 orc priests
  5 hounds
  Terence (D:2)
  4 iguanas
  7 worker ants
  A killer bee zombie (D:6)
  A hound skeleton (D:10)
  A worker ant zombie (D:8)
  8 adders
  3 gnolls (D:8)
  A shadow imp (D:10)
  An ooze (D:1)
  2 adder skeletons
  3 adder zombies
  3 worms
  2 dart slugs
  4 leopard geckos
  41 orcs
  A giant cockroach (D:5)
  4 hobgoblins
  19 jackals
  21 kobolds
  11 quokkas
  A ball python (D:1)
  9 bats
  2 frilled lizards
  9 goblins
  A leopard gecko skeleton (D:3)
  A quokka skeleton (D:4)
  10 rats
271 creatures vanquished.

Vanquished Creatures (others)
  A worker ant zombie (D:7)
  A goblin (D:3)
2 creatures vanquished.

Grand Total: 273 creatures vanquished

Notes
Turn   | Place    | Note
-------+----------+-------------------------------------------
     0 | D:1      | marfer the Minotaur Berserker began the quest for the Orb.
     0 | D:1      | Reached XP level 1. HP: 19/19 MP: 0/0
   333 | D:1      | Reached skill level 4 in Axes
   396 | D:1      | Reached XP level 2. HP: 26/27 MP: 1/1
   710 | D:1      | Reached ** piety under Trog
   722 | D:1      | Reached XP level 3. HP: 27/33 MP: 2/2
   991 | D:2      | Noticed Terence
   998 | D:2      | Killed Terence
  1081 | D:3      | Noticed an ogre
  1117 | D:2      | Found a white marble altar of Elyvilon.
  1128 | D:2      | Reached XP level 4. HP: 35/41 MP: 3/3
  1267 | D:2      | Noticed a bullfrog
  1279 | D:2      | Killed a bullfrog
  1279 | D:2      | Reached skill level 5 in Axes
  1373 | D:2      | Reached XP level 5. HP: 47/47 MP: 4/4
  1388 | D:2      | Found a faded altar of an unknown god.
  1839 | D:2      | Found a basalt altar of Yredelemnul.
  1849 | D:2      | Found a glowing golden altar of the Shining One.
  1850 | D:2      | Found a hazy altar of Hepliaklqana.
  2078 | D:2      | Reached skill level 5 in Fighting
  2383 | D:3      | Found a radiant altar of Vehumet.
  2447 | D:3      | Killed an ogre
  2702 | D:3      | Reached skill level 6 in Axes
  2702 | D:3      | Reached XP level 6. HP: 56/56 MP: 5/5
  2703 | D:3      | Found a stormy altar of Qazlal.
  2703 | D:3      | Found a shadowy altar of Dithmenos.
  2744 | D:3      | Reached *** piety under Trog
  2748 | D:3      | Reached skill level 1 in Evocations
  3202 | D:4      | Found an ancient bone altar of Kikubaaqudgha.
  3265 | D:4      | Found Afoed's Food Shoppe.
  3336 | D:4      | Reached skill level 7 in Axes
  3336 | D:4      | Reached XP level 7. HP: 61/61 MP: 7/7
  3454 | D:4      | Found Fyxuisos's Food Emporium.
  3459 | D:4      | Got a clouded amethyst amulet
  3470 | D:4      | Identified the amulet of the Well-Known Teeth {Spirit rPois
                  | rF+++ Dex-2} (You found it on level 4 of the Dungeon)
  3616 | D:4      | Found a sparkling altar of Nemelex Xobeh.
  3840 | D:5      | Entered Level 5 of the Dungeon
  3887 | D:5      | Found a glowing golden altar of the Shining One.
  4065 | D:5      | Found a white marble altar of Elyvilon.
  4097 | D:5      | Reached skill level 1 in Throwing
  4443 | D:6      | Found a bloodstained altar of Trog.
  4443 | D:6      | Found an ornate altar of the Wu Jian Council.
  4505 | D:6      | Found a staircase to the Ecumenical Temple.
  4508 | D:6      | You fall into a shaft and drop 3 floors!
  4571 | D:8      | Found a snail-covered altar of Cheibriados.
  4615 | D:8      | Noticed a two-headed ogre
  4634 | D:8      | Killed a two-headed ogre
  4634 | D:8      | Reached skill level 9 in Axes
  4634 | D:8      | Reached skill level 5 in Armour
  4634 | D:8      | Reached XP level 8. HP: 71/71 MP: 6/9
  4753 | D:8      | Found Lozez's General Store.
  4799 | D:8      | Reached **** piety under Trog
  4986 | D:7      | Noticed Dowan
  4986 | D:7      | Noticed Duvessa
  5088 | D:8      | Noticed a hippogriff
  5094 | D:8      | Killed a hippogriff
  5094 | D:8      | Reached XP level 9. HP: 73/78 MP: 9/11
  5123 | D:7      | Killed Duvessa
  5123 | D:7      | Reached skill level 10 in Axes
  5123 | D:7      | Killed Dowan
  5846 | Temple   | Entered the Ecumenical Temple
  6658 | D:7      | Reached skill level 1 in Stealth
  6998 | D:7      | Noticed Menkaure
  7002 | D:7      | Reached skill level 1 in Shields
  7017 | D:7      | Killed Menkaure
  7034 | D:7      | Reached skill level 11 in Axes
  7313 | D:7      | Found an iron altar of Okawaru.
  7378 | D:7      | Reached skill level 1 in Spellcasting
  7385 | D:7      | Found an iron altar of Okawaru.
  7727 | D:8      | Found Hunuddin's Antique Armour Shop.
  7792 | D:8      | Reached skill level 5 in Evocations
  7792 | D:8      | Reached XP level 10. HP: 78/88 MP: 10/12
  7905 | D:8      | Found Pypruus's Distillery.
  7978 | D:8      | Found Omueh's Assorted Antiques.
  8057 | D:8      | Noticed a two-headed ogre
  8075 | D:8      | Killed a two-headed ogre
  8466 | D:8      | Found Jiguc's Gadget Shop.
  9544 | D:9      | Found a burning altar of Makhleb.
  9612 | D:9      | Found Viokhom's Gadget Shop.
  9707 | D:9      | Identified a scroll of acquirement
  9707 | D:9      | Acquired the +0 tower shield of Gise {Regen+ Str+2 Int+3
                  | SInv}
  9737 | D:10     | Entered Level 10 of the Dungeon
  9929 | D:10     | Reached ***** piety under Trog
  9953 | D:10     | Noticed a two-headed ogre
  9971 | D:10     | Killed a two-headed ogre
  9973 | D:10     | Reached skill level 12 in Axes
 10252 | D:10     | Reached XP level 11. HP: 95/95 MP: 14/14
 10546 | D:11     | Noticed a brown ugly thing
 10546 | D:11     | Noticed an unseen horror
 10560 | D:11     | Killed a brown ugly thing
 10560 | D:11     | Reached skill level 5 in Shields
 10565 | D:11     | Killed an unseen horror
 10625 | D:11     | Noticed a cyan ugly thing
 10652 | D:11     | Killed a cyan ugly thing
 10834 | D:11     | Noticed a death yak
 10836 | D:11     | Noticed a death yak
 10836 | D:11     | Noticed a death yak
 10836 | D:11     | Noticed a death yak
 10857 | D:11     | Noticed a death yak
 10870 | D:10     | Slain by a death yak

Illustrated notes

Levels and vault maps discovered:
D:1:      psy_arrival_basics, layout_rooms, minmay_misc_feat_tiny
D:2:      layout_basic, lemuel_round_altar, minitemple,
          chequers_ecumenical_altar_grove, first_ration, uniq_terence
D:3:      layout_rooms, gammafunk_temple_overflow_elements, fiery_altar_vehumet,
          hex_intersection
D:4:      layout_rooms, overflow_temple_1_default, nemelex_altar_shiori,
          serial_shops, nicolae_shop_behind_doors, shop, grunt_decor_one_mirror
D:5:      layout_rooms, basic_altar, elyvilon_altar_5
D:6:      layout_loops_ring, nicolae_overflow_hidden_temple,
          minmay_temple_entry_purple_smoke
D:7:      layout_loops_cross, overflow_temple_1_default, basic_altar,
          grunt_ogre_cave, uniq_menkaure, uniq_duvessa
D:8:      layout_loops_ring, serial_shops, nicolae_shop_crystal,
          kennysheep_mini, nicolae_shop_window_shopping,
          nicolae_shop_statue_plus, shop_fountains, basic_altar
D:9:      layout_loops_ring, makhleb_heckhound_becter, serial_shops,
          kennysheep_little_box
D:10:     layout_rooms
D:11:     minmay_the_grid_square_5x5_3x3 [minmay_the_grid_square_5x5_shrine2,
          minmay_the_grid_square_5x5_longway,
          minmay_the_grid_square_5x5_minibox,
          minmay_the_grid_square_5x5_inner_v,
          minmay_the_grid_square_5x5_megaprize_open,
          minmay_the_grid_square_5x5_corner, minmay_the_grid_square_5x5_v,
          minmay_the_grid_square_5x5_misaligned,
          minmay_the_grid_square_5x5_minivault], layout_cave_pools,
          dpeg_lair_monsters, orc_0_dummy, minmay_between
Temple:   nicolae_temple_figure_zero

Skill      XL: |  1  2  3  4  5  6  7  8  9 10 11 |
---------------+----------------------------------+-----
Axes           | 4 5 6 7 9 11 12 | 12.5
Fighting       | 4 5 6 8 9 |  9.1
Armour         | 3 4 5 6 7 8 |  8.8
Dodging        | 3 4 |  4.3
Evocations     | 1 3 4 5 6 |  6.3
Throwing       | 1 |  1.2
Stealth        | 2 |  2.5
Shields        | 1 4 6 |  6.0
Spellcasting   | 1 2 |  2.0

Action                   |  1- 3 |  4- 6 |  7- 9 | 10-12 || total
-------------------------+-------+-------+-------+-------++-------
Melee: Hand axe          |    65 |   144 |   300 |     7 ||   516
       Headbutt          |     8 |    27 |    51 |    54 ||   140
       War axe           |       |       |       |   299 ||   299
Throw: Dart              |       |     6 |     5 |     2 ||    13
Invok: Berserk           |     1 |       |     6 |     9 ||    16
  Use: Scroll            |       |     9 |     9 |     6 ||    24
       Potion            |       |     2 |       |       ||     2
  Eat: Chunk             |     1 |     7 |    16 |    17 ||    41
       Ration            |       |       |     1 |       ||     1
Armor: Animal skin       |    12 |       |       |       ||    12
       Chain mail        |     7 |    69 |    16 |       ||    92
       Scale mail        |     1 |       |       |       ||     1
       Storm dragon scal |       |       |   143 |   122 ||   265
Dodge: Dodged            |    52 |    52 |   102 |    62 ||   268
Block: Kite shield       |       |       |    49 |    46 ||    95
       Tower shield      |       |       |       |   134 ||   134
